woodfighter, chaotic female orcish Cavewoman ----- |{%.| |.<.| -|--- #% # ---------- # |.....)..| # |.......)| % |........-- # ------------ ##%.....i..)) d # |..........| # |.......@D| ------|-- |..........|### |........q. ---..%....| ##|..........|% ----------- |.........-########-...........# |.........| #|..........| |..%......+ |..........+ |....%..--- ------------ --.------ * woodfighter the Young Cave Woman Experience level: 9 Strength: 18/02 Dexterity: 17 Constitution: 15 Intelligence: 8 Wisdom: 12 Charisma: 7 Health: 0(57) Energy: 40(40) Def: 9 Gold: 0 Moves: 8639 Dungeon seed: oBEG6ueLnu2CIy6E Game ID: woodfighter_1476960358 Your Inventory: Amulets Z - an uncursed amulet of reflection Weapons a - a +0 dwarvish spear named main (weapon in hand) Armor k - an uncursed +1 dwarvish cloak n - an uncursed +0 pair of gauntlets of dexterity (being worn) q - an uncursed +0 pair of gauntlets of power r - an uncursed +0 dwarvish mithril-coat (being worn) t - an uncursed +0 elven shield z - an uncursed +0 cloak of displacement E - an uncursed +0 cloak of displacement (being worn) G - a cursed +0 dwarvish cloak Y - an uncursed +0 orcish helm (being worn) Comestibles d - 5 uncursed food rations i - an uncursed lizard corpse j - an uncursed mango A - an uncursed tin of homunculus meat Scrolls O - an uncursed scroll of blank paper P - a blessed scroll of light R - an uncursed scroll of scare monster V - 2 uncursed scrolls of identify Potions T - an uncursed potion of gain energy Wands X - a cursed wand of enlightenment (0:11) Tools h - a +0 pick-axe m - a cursed brass lantern (0:1378) u - a cursed magic lamp y - an uncursed skeleton key I - an uncursed brass lantern (0:1389) J - an uncursed towel L - a +0 unicorn horn N - a blessed oil lamp (0:1279) Gems e - an uncursed luckstone Spells and supernatural/magical abilities: Name Level Category Fail Memory W - pray for help -- divine ? -- Your skills at the end: Miscellaneous Skills bare handed combat [Basic] Weapon Skills scimitar [Basic] club [Basic] spear [Basic] sling [Basic] Spellcasting Skills Final Attributes: You were piously aligned. You were poison resistant. Your writing hand was ok. You were telepathic. You had infravision. You were displaced. You were somewhat stealthy. You were fast. You were lucky. You had extra luck. Bad luck did not time out for you. Good luck did not time out for you. You are dead. Vanquished creatures: a giant mimic a quantum mechanic a pyrolisk a large dog a large cat 4 giant beetles 24 leprechauns a lizard a gnome king an ogre a piranha a dog a housecat a dwarf lord a blue jelly a gray unicorn a dust vortex a plains centaur 2 Woodland-elves an ape a rope golem a yellow light a baby crocodile a wood nymph an Uruk-hai a rock mole a rock piercer a pony 4 fog clouds 11 gnome lords 4 gnomish wizards a red naga hatchling a guardian naga hatchling 2 elf zombies a paper golem 6 giant ants 4 floating eyes 15 dwarves 2 kobold lords 2 iguanas 5 hill orcs 5 rothes 4 jitterbugs 2 giant bats 3 dwarf zombies a wererat a gas spore 4 hobbits 2 geckos 3 giant rats 2 cave spiders 2 brown molds a yellow mold a green mold a red mold 43 gnomes 2 gnome zombies 3 jackals a fox 2 kobolds 3 newts a goblin 3 sewer rats 3 grid bugs 2 bats 5 lichens 213 creatures vanquished. Voluntary challenges: You did not cause conflict. You were not invisible. You did not have reflection. You used a wielded weapon 374 times, starting on turn 69. You did not apply a unicorn horn. You did not use plumbed fixtures. You did not drink any magical draughts. You read items or engraved 2 times, starting on turn 4934. You never genocided any monsters. You never polymorphed an object. You changed form 1 time, starting on turn 6450. You used no wishes. You never split a pudding. You never wrote Elbereth's name. You never violated your personal moral code. Dungeon overview: The Dungeons of Doom: levels 1 to 8 Level 1 (l) an altar to Ishtar a long staircase Level 2 an armor shop Level 3 ( ) a potion shop, a fountain stairs to The Gnomish Mines Level 4 an altar to Anu Level 5 a fountain, a sink Level 6 Level 7 Level 8 <- You were here a fountain The Gnomish Mines: levels 4 to 10 Level 4 stairs to The Dungeons of Doom Level 5 Level 6 Level 7 many shops, a temple to Anu, a magic chest, some fountains Level 8 Level 9 Level 10 (arch lich, troll, dragon) History has recorded: On T:1 you entered the Dungeons of Doom to retrieve the Amulet of Yendor! On T:85 you reached level 2 of The Dungeons of Doom. On T:552 you advanced to experience level 2. On T:946 you reached level 3 of The Dungeons of Doom. On T:1048 you reached level 4 of The Dungeons of Doom. On T:1082 you reached level 1 of The Gnomish Mines. On T:1126 you advanced to experience level 3. On T:1651 you reached level 5 of The Dungeons of Doom. On T:1653 you advanced to experience level 4. On T:2011 you advanced to experience level 5. On T:2207 you reached level 2 of The Gnomish Mines. On T:2361 you advanced to experience level 6. On T:2650 you reached level 3 of The Gnomish Mines. On T:3305 you prayed to Anshar. On T:3418 you reached level 4 of The Gnomish Mines. On T:3487 you advanced to experience level 7. On T:4337 you reached level 5 of The Gnomish Mines. On T:4525 you entered the Minetown temple On T:4565 you opened a magic chest. On T:5256 you advanced to experience level 8. On T:5507 you reached level 6 of The Gnomish Mines. On T:6389 you reached level 7 of The Gnomish Mines. On T:6444 you prayed to Anshar. On T:7359 you reached level 6 of The Dungeons of Doom. On T:7601 you reached level 7 of The Dungeons of Doom. On T:8075 you reached level 8 of The Dungeons of Doom. On T:8407 you advanced to experience level 9. On T:8632 you prayed to Anshar. Score breakdown: Gold: 0 ( 0 points) Experience: 9 levels ( 800 points) Exploration: 10 levels ( 270 points) Discoveries: 31 items ( 1550 points) Variety of kills: 66 monsters ( 2000 points) Major goal: reached Minetown ( 500 points) Survival: died (score multiplied by 3) Total score: 15360 Latest messages: You hear a wolf howling at the moon. You jab the young orange dragon! The young orange dragon bites! The young orange dragon claws you! (2x) You jab the young orange dragon! You begin praying to Anshar. You are surrounded by a shimmering light. The young orange dragon starts to attack you, but pulls back. (2x) You feel that Anshar is well-pleased. You feel much better. You jab the young orange dragon! The young orange dragon bites! The young orange dragon claws you! (2x) You jab the young orange dragon! The young orange dragon bites! The young orange dragon claws you! (2x) You jab the young orange dragon! (3x) The young orange dragon bites! The young orange dragon claws you! (2x) You jab the young orange dragon! The rothe misses. The rothe bites! The rothe misses. The young orange dragon bites! The young orange dragon claws you! You die... Final status: Goodbye woodfighter the Cavewoman, killed by a young orange dragon... You died in The Dungeons of Doom on dungeon level 8 with 15360 points, and 0 pieces of gold, after 8639 moves. You were level 9 with a maximum of 57 hit points when you died.